 Dungeon Sprint DCSS version 0.31-a0-664-g902f515a81 (webtiles) character file.

Game seed: 13815509912223239988

6374 Conn the Scorcher (level 10, -12/56 HPs)
             Began as an Octopode Fire Elementalist on Sept 2, 2023.
             Was a High Priest of Sif Muna.
             Shot with an arrow by a centaur warrior (26 damage)
             ... in the Dungeon (Sprint I: "Red Sonja").
             The game lasted 00:15:31 (1300 turns).

Conn the Scorcher (Octopode Fire Elementalist)      Turns: 1300, Time: 00:15:32

Health: -12/56     AC:  1    Str: 10    XL:     10   Next: 97%
Magic:  20/28      EV: 15    Int: 25    God:    Sif Muna [*****.]
Gold:   625        SH:  5    Dex: 12    Spells: 22/37 levels left

rFire   + . .        k - staff of fire
rCold   . . .        (no shield)
rNeg    . . .        (helmet restricted)
rPois   .            m - amulet of Cier {Reflect Str+2 Int+3 SH+5}
rElec   .            (no ring)
rCorr   .            (no ring)
SInv    .            (no ring)
Will    .....        (no ring)
Stlth   +++++        (no ring)
HPRegen 0.29/turn    (no ring)
MPRegen 0.21/turn    (no ring)
                     (no ring)

%: no teleportation, reflection
@: no status effects
A: almost no armour, amphibious, 8 rings, camouflage 1, gelatinous body 1,
(nimble swimmer 1), tentacles
a: Renounce Religion, Channel Magic, Forget Spell, Divine Exegesis


You were in the Dungeon.
You worshipped Sif Muna.
Sif Muna was extremely pleased with you.
You visited 1 branch You collected 1470 gold pieces.
You spent 845 gold pieces at shops.

Inventory:

Hand Weapons
 i - a +0 short sword of draining
Missiles
 j - 4 curare-tipped darts (quivered)
Magical Staves
 k - a staff of fire (weapon)
Jewellery
 m - the amulet of Cier (around mantle) {Reflect Str+2 Int+3 SH+5}
   (You bought it in a shop in the Dungeon)

   [amulet of reflection]

   Reflect:   It reflects blocked missile attacks.
   Str+2:     It affects your strength (+2).
   Int+3:     It affects your intelligence (+3).
   SH+5:      It affects your SH (+5).
Wands
 e - a wand of quicksilver (6)
 g - a wand of polymorph (3)
 h - a wand of flame (20)
Scrolls
 l - a scroll of revelation {unknown}
 n - 2 scrolls of enchant weapon {unknown}
Potions
 a - 3 potions of magic
 b - 3 potions of curing


   Skills:
 + Level 2.6 Throwing
 + Level 6.3 Dodging
 - Level 9.0 Stealth
 + Level 14.1 Spellcasting
 * Level 6.2 Conjurations
 + Level 4.5 Hexes
 + Level 16.5 Fire Magic
 * Level 5.7 Invocations


You had 22 spell levels left.
You knew the following spells:

 Your Spells              Type           Power      Damage    Failure   Level
a - Foxfire               Conj/Fire      100%       2x1d9     1%          1
b - Scorch                Fire           100%       2d9       0%          2
c - Inner Flame           Hex/Fire       81%        N/A       1%          3
d - Flame Wave            Conj/Fire      84%        2d18      1%          4
e - Iskenderun's Battles  Conj           49%        2d10      7%          5

Your spell library contained the following spells:

 Spells                   Type           Power      Damage    Failure   Level
 Volatile Blastmotes      Fire/Tloc      100%       2d18      1%          3
 Leda's Unmaking          Conj/Erth      16%        9d3       80%         6
 Spellforged Servitor     Conj/Summ      16%        N/A       100%        7


Dungeon Overview and Level Annotations

Branches:
Dungeon (1/1)

Altars:
Cheibriados
Dithmenos
Elyvilon
Fedhas
Gozag
Hepliaklqana
Kikubaaqudgha
Makhleb
Nemelex Xobeh
Okawaru
Qazlal
Ru
Sif Muna
Trog
Uskayaw
Vehumet
Wu Jian
Xom
Yredelemnul
Zin
The Shining One
Jiyva
Lugonu

Shops:
D =(**=([


Innate Abilities, Weirdness & Mutations

You cannot wear most types of armour.
You are amphibious.
You can wear up to eight rings at the same time.
Your skin changes colour to match your surroundings (Stealth+).
Your rubbery body absorbs attacks. (AC +1, EV +1)
((You are camouflaged when in or above water. (Stealth+)))
You have tentacles for arms and can constrict up to eight enemies at once.


Message History

The centaur warrior is lightly wounded.
The centaur warrior's fire resistance burns away.
Your battlesphere fires!
The barrage of energy hits the centaur warrior!
The centaur warrior is moderately wounded.
The centaur warrior shoots an arrow.
You block the arrow with an invisible shield... and reflect it back!
The arrow barely misses the centaur warrior.
The centaur warrior shoots an arrow.
The arrow hits you!!
* * * LOW HITPOINT WARNING * * *
You close the door.
Okay, then.
Okay, then.
Unknown command.
Unknown command.
A centaur warrior opens the door.
Casting: Scorch (safe; 0% risk of failure)
Confirm with . or Enter, or press ? or * to list all spells.
You feel a surge of power!
You conjure some foxfire!
Casting: Foxfire (safe; 1% risk of failure)
Confirm with . or Enter, or press ? or * to list all spells.
Okay, then.
Okay, then.
Okay, then.
Unknown command.
Unknown command.
Unknown command.
Unknown command.
Okay, then.
Unknown command.
Casting: Foxfire (safe; 1% risk of failure)
Confirm with . or Enter, or press ? or * to list all spells.
You feel a surge of power!
Flames lash the centaur warrior.
The centaur warrior is burned terribly!
The centaur warrior is heavily wounded.
The foxfire hits the centaur warrior but does no damage.
The centaur warrior is heavily wounded.
The centaur warrior wields a +0 orcbow.
The centaur warrior shoots an arrow.
The arrow hits you!!
You die...

#..#####'#####'#__####...
#..####..#..§#.####§§####
#..#__####..##)#§§§§c
#..#_____##'#_.+§~~§
#⌠⌠#_.∩...'..._#§~~
####_..__##_.#'##c###
#_____###'#.#)§§.###
############.####'###)##
#∩.....v@.c°).'.....'[∩#
###''''####...##########
#.......####*###
#........#.#'#.#
#..#.....#.....#
#........#.[...#
#.....#..#######
#........# #..#.....#


You could see a centaur warrior (combustible, ally target).

Vanquished Creatures
  A centaur warrior (D)
  Sonja (D)
  A deep troll (D)
  8 shining eyes (D)
  2 kobold demonologists (D)
  A slime creature (D)
  Sigmund (D)
  A yak (D)
  5 floating eyes (D)
  An ogre (D)
  A jelly (D)
  Ijyb (D)
  2 ballistomycete spores (D)
26 creatures vanquished.

Vanquished Creatures (others)
  38 foxfires (D)
38 creatures vanquished.

Grand Total: 64 creatures vanquished

Notes
Turn   | Place    | Note
-------+----------+-------------------------------------------
     0 | D        | Conn the Octopode Fire Elementalist began the quest for the
                  | Orb.
     0 | D        | Reached XP level 1. HP: 11/11 MP: 3/3
     2 | D        | Noticed Ijyb
     9 | D        | Killed Ijyb
    10 | D        | Reached skill level 5 in Fire Magic
    10 | D        | Reached XP level 2. HP: 17/17 MP: 3/6
    10 | D        | Reached XP level 3. HP: 21/21 MP: 3/7
    39 | D        | Learned a level 2 spell: Scorch
    43 | D        | Learned a level 3 spell: Inner Flame
    51 | D        | Noticed an ogre
    54 | D        | Killed an ogre
    55 | D        | Reached skill level 7 in Fire Magic
    55 | D        | Reached XP level 4. HP: 27/27 MP: 1/10
   142 | D        | Learned a level 4 spell: Flame Wave
   146 | D        | Noticed Sigmund
   151 | D        | Killed Sigmund
   152 | D        | Reached skill level 5 in Stealth
   152 | D        | Reached skill level 9 in Fire Magic
   152 | D        | Reached XP level 5. HP: 31/31 MP: 3/13
   152 | D        | Reached XP level 6. HP: 36/36 MP: 3/15
   245 | D        | Found an ornate altar of the Wu Jian Council.
   245 | D        | Found a shimmering blue altar of Sif Muna.
   247 | D        | Found a radiant altar of Vehumet.
   251 | D        | Became a worshipper of Sif Muna the Loreminder
   286 | D        | Found Seskev's Assorted Antiques.
   286 | D        | Found an ancient bone altar of Kikubaaqudgha.
   286 | D        | Found a hazy altar of Hepliaklqana.
   286 | D        | Found a stormy altar of Qazlal.
   286 | D        | Found a hide-covered altar of Uskayaw.
   286 | D        | Found a blossoming altar of Fedhas.
   286 | D        | Found a bloodstained altar of Trog.
   286 | D        | Found an iron altar of Okawaru.
   286 | D        | Found a basalt altar of Yredelemnul.
   286 | D        | Found a glowing golden altar of the Shining One.
   286 | D        | Found a snail-covered altar of Cheibriados.
   286 | D        | Found a sacrificial altar of Ru.
   286 | D        | Found a glowing silver altar of Zin.
   286 | D        | Found a shadowy altar of Dithmenos.
   286 | D        | Found a white marble altar of Elyvilon.
   286 | D        | Noticed a yak
   293 | D        | Killed a yak
   294 | D        | Reached skill level 10 in Fire Magic
   294 | D        | Reached XP level 7. HP: 34/41 MP: 5/17
   296 | D        | Found an opulent altar of Gozag.
   297 | D        | Found a sparkling altar of Nemelex Xobeh.
   375 | D        | Noticed Sonja
   378 | D        | Killed Sonja
   378 | D        | Reached * piety under Sif Muna
   379 | D        | Reached skill level 5 in Dodging
   379 | D        | Reached skill level 12 in Fire Magic
   379 | D        | Reached XP level 8. HP: 46/46 MP: 13/21
   467 | D        | Found Oluur's Jewellery Boutique.
   475 | D        | Bought the amulet of Cier {Reflect Str+2 Int+3 SH+5} for
                  | 570 gold pieces
   492 | D        | Noticed a deep troll
   503 | D        | Killed a deep troll
   504 | D        | Reached skill level 10 in Spellcasting
   504 | D        | Reached skill level 13 in Fire Magic
   535 | D        | Found Neufaffoh's Armour Emporium.
   558 | D        | Noticed a centaur warrior
   572 | D        | Noticed a shining eye
   572 | D        | Noticed a shining eye
   572 | D        | Noticed a shining eye
   583 | D        | Identified a scroll of acquirement
   583 | D        | Acquired 608 gold pieces
   583 | D        | Paralysed by a floating eye for 2 turns
   585 | D        | Noticed a shining eye
   587 | D        | Paralysed by a floating eye for 2 turns
   590 | D        | Noticed a shining eye
   590 | D        | Paralysed by a floating eye for 2 turns
   594 | D        | Reached ** piety under Sif Muna
   594 | D        | Killed a shining eye
   594 | D        | Killed a shining eye
   595 | D        | Reached skill level 1 in Throwing
   595 | D        | Reached skill level 14 in Fire Magic
   595 | D        | Reached XP level 9. HP: 51/51 MP: 12/24
   596 | D        | Killed a shining eye
   596 | D        | Killed a shining eye
   596 | D        | Reached *** piety under Sif Muna
   597 | D        | Reached skill level 15 in Fire Magic
   597 | D        | Reached XP level 10. HP: 56/56 MP: 8/26
   692 | D        | Noticed a shining eye
   698 | D        | Paralysed by a floating eye for 2 turns
   700 | D        | Noticed a shining eye
   701 | D        | Noticed a shining eye
   704 | D        | Paralysed by a floating eye for 4 turns
   711 | D        | Paralysed by a floating eye for 3 turns
   715 | D        | Killed a shining eye
   715 | D        | Killed a shining eye
   715 | D        | Reached **** piety under Sif Muna
   715 | D        | Killed a shining eye
   716 | D        | Reached skill level 5 in Conjurations
   842 | D        | Killed a shining eye
   843 | D        | Reached skill level 16 in Fire Magic
   888 | D        | Found Balaklyx's Jewellery Shop.
   888 | D        | Found Heunutie's Antique Weapon Shoppe.
   888 | D        | Found Uries's Antique Weapon Boutique.
   888 | D        | Found Edghum's General Store.
   904 | D        | Bought a staff of fire for 275 gold pieces
   955 | D        | Found a burning altar of Makhleb.
   955 | D        | Found a viscous altar of Jiyva.
   955 | D        | Found a shimmering altar of Xom.
   955 | D        | Found a corrupted altar of Lugonu.
  1035 | D        | Noticed a kobold demonologist
  1039 | D        | Noticed a kobold demonologist
  1041 | D        | Killed a kobold demonologist
  1043 | D        | Killed a kobold demonologist
  1043 | D        | Reached ***** piety under Sif Muna
  1043 | D        | Received a gift from Sif Muna
  1044 | D        | Reached skill level 5 in Invocations
  1056 | D        | Learned a level 5 spell: Iskenderun's Battlesphere
  1133 | D        | Noticed a centaur warrior
  1147 | D        | Killed a centaur warrior
  1300 | D        | Shot with an arrow by a centaur warrior

Illustrated notes

Levels and vault maps discovered:
D:        dungeon_sprint_1 [red_sonja_temple_1, red_sonja_temple_small_1]

Skill      XL: |  1  2  3  4  5  6  7  8  9 10 |
---------------+-------------------------------+-----
Stealth        | 3 4 5 6 7 8 9 |  9.0
Spellcasting   | 3 4 6 7 9 11 12 14 | 14.1
Fire Magic     | 5 7 9 10 12 14 15 16 | 16.5
Dodging        | 3 4 5 6 |  6.3
Conjurations   | 2 3 6 |  6.2
Throwing       | 1 2 |  2.6
Hexes          | 2 4 |  4.5
Invocations    | 5 |  5.7

Action                     |  1- 3 |  4- 6 |  7- 9 | 10-12 || total
---------------------------+-------+-------+-------+-------++-------
  Melee: Unarmed           |     6 |       |       |       ||     6
         Tentacles         |     2 |       |       |       ||     2
         Constrict         |     1 |       |       |       ||     1
  Throw: Dart              |       |       |     3 |     1 ||     4
   Cast: Foxfire           |     1 |     3 |     5 |    20 ||    29
         Scorch            |     3 |     6 |     8 |    13 ||    30
         Flame Wave        |       |     1 |     1 |     1 ||     3
         Inner Flame       |       |       |     3 |     8 ||    11
         Iskenderun's Batt |       |       |       |     2 ||     2
    Use: Potion            |     1 |       |       |     2 ||     3
         Scroll            |       |       |     1 |     1 ||     2
 Armour: Skin              |     1 |     3 |       |    10 ||    14
  Dodge: Dodged            |     3 |     4 |       |       ||     7
  Block: Other             |       |       |       |     1 ||     1
         Reflection        |       |       |       |     1 ||     1

Table legend: (Time is in decaauts)
 A = Elapsed time spent in this place.
 B = Non-inter-level travel time spent in this place.
 C = Inter-level travel time spent in this place.
 D = Time resting spent in this place.
 E = Time spent auto-exploring this place.
 F = Levels seen in this place.
 G = Mean time per level.
                   A        B        C        D        E       F      G
               +--------+--------+--------+--------+--------+-----+--------+
         Total |   1291 |   1291 |      0 |    708 |      0 |   1 | 1291.0 |
       Dungeon |   1291 |   1291 |      0 |    708 |      0 |   1 | 1291.0 |
               +--------+--------+--------+--------+--------+-----+--------+

Top non-repeatable levels by time:
       D: 1291 daAuts
